 Dungeon Crawl Stone Soup version 0.30-b1-2-g02819fbbbe (webtiles) character file.

Game seed: 15587359651947754398

24017 Lolow the Brawler (level 12, -3/126 HPs)
             Began as a Troll Berserker on May 31, 2023.
             Was an Elder of Trog.
             Succumbed to a wolf spider's poison
             ... on level 3 of the Lair of Beasts on June 1, 2023.
             The game lasted 01:11:16 (12548 turns).

Lolow the Brawler (Troll Berserker)                Turns: 12548, Time: 01:11:16

Health: -3/126     AC: 13    Str: 38    XL:     12   Next: 77%
Magic:  2/11       EV:  7    Int:  4    God:    Trog [****..]
Gold:   999        SH:  0    Dex: 11    Spells: 11/11 levels left

rFire   . .          .
                       - Unarmed
rCold   . . .        (no shield)
rNeg    . . .        f - +0 shadow dragon scales "Xysuuhoch" {Rampage rElec Str+8 Int-5 Stlth++++}
rPois   .            (helmet restricted)
rElec   +            (no cloak)
rCorr   .            (gloves unavailable)
SInv    .            (boots unavailable)
Will    .....        x - amulet of guardian spirit
Stlth   ++           j - +6 ring of intelligence
HPRegen 1.21/turn    (no ring)
MPRegen 0.12/turn

%: guardian spirit, rampage
@: confused, lethally poisoned (-3 -> -32), studying Long Blades
A: large, unfitting armour, claws 3, regeneration 1, shaggy fur 1, tough skin 1
a: Renounce Religion, Berserk, Trog's Hand, Brothers in Arms


You were on level 3 of the Lair of Beasts.
You worshipped Trog.
Trog was greatly pleased with you.
You visited 4 branches of the dungeon, and saw 16 of its levels.
You also visited: Gauntlet.

You collected 999 gold pieces.

Inventory:

Hand Weapons
 z - a +2 flail of protection
 F - a +5 spear
 O - a +2 hand axe of electrocution
Missiles
 J - 2 throwing nets
 L - 8 poisoned darts
 M - 67 stones
 V - 4 silver javelins (quivered)
Armour
 a - a +0 animal skin
 f - the +0 shadow dragon scales "Xysuuhoch" (worn) {Rampage rElec Str+8 Int-5 Stlth++++}
   (You acquired it in a Gauntlet)

   Str:       It affects your strength (+8).
   Int:       It affects your intelligence (-5).
   rElec:     It insulates you from electricity.
   Rampage:   It bestows one free step when moving towards enemies.
   Stlth:     It makes you much more stealthy.
 r - a +1 robe of willpower
 w - +2 acid dragon scales
 T - +0 steam dragon scales
 W - a +0 cloak of stealth
Jewellery
 j - a +6 ring of intelligence (left claw)
 k - an amulet of reflection
 x - an amulet of guardian spirit (around neck)
 E - an amulet of the acrobat
 Q - a ring of protection from fire
 U - a +6 ring of strength
Wands
 q - a wand of mindburst (53)
 B - a wand of quicksilver (13)
 D - a wand of digging (12)
 P - a wand of roots (6)
 R - a wand of charming (11)
 X - a wand of polymorph (4)
Scrolls
 b - 3 scrolls of teleportation
 l - 6 scrolls of fog
 m - a scroll of blinking
 n - a scroll of summoning
 o - 3 scrolls of immolation
 p - 4 scrolls of fear
 s - 2 scrolls of magic mapping
 N - 2 scrolls of silence
 Z - a scroll of poison
Potions
 c - 10 potions of mutation
 d - 5 potions of degeneration
 e - 4 potions of brilliance
 g - 3 potions of attraction
 i - 3 potions of might
 t - 8 potions of curing
 u - 2 potions of cancellation {unknown}
 v - 2 potions of flight
 C - 4 potions of haste
 G - a potion of ambrosia
 K - a potion of berserk rage
 S - a potion of lignification
Miscellaneous
 A - a phial of floods


   Skills:
 + Level 9.6 Fighting
 + Level 10.0 Throwing
 - Level 2.4 Dodging
 * Level 15.5 Unarmed Combat


You had 11 spell levels left.
You didn't know any spells.
Your spell library contained the following spells:

 Spells                   Type           Power      Damage    Failure   Level
 Blink                    Tloc           0%         N/A       98%         2
 Ensorcelled Hibernation  Hex/Ice        0%         N/A       98%         2
 Lesser Beckoning         Tloc           0%         N/A       98%         2
 Momentum Strike          Conj/Tloc      0%         3d8       98%         2
 Passwall                 Tmut/Erth      0%         N/A       98%         2
 Swiftness                Air            0%         N/A       100%        3
 Vhi's Electric Charge    Tloc/Air       0%         N/A       100%        3
 Summon Ice Beast         Ice/Summ       0%         N/A       100%        4
 Arcjolt                  Conj/Air       0%         1d10      100%        5
 Summon Mana Viper        Hex/Summ       0%         N/A       100%        5
 Monstrous Menagerie      Summ           0%         N/A       100%        7
 Maxwell's Capacitive Co  Air            0%         ∞         100%        8


Dungeon Overview and Level Annotations

Branches:
Dungeon (11/15)            Temple (1/1) D:7            Lair (3/5) D:11
  Swamp (0/4) Lair:3       Spider (1/4) Lair:3      Gauntlet (visited)
    Orc: D:9-12

Altars:
Ashenzari
Cheibriados
Dithmenos
Fedhas
Gozag
Kikubaaqudgha
Makhleb
Nemelex Xobeh
Okawaru
Qazlal
Ru
Sif Muna
Trog
Uskayaw
Vehumet
Wu Jian
Xom
Yredelemnul
Zin
The Shining One

Shops:
D:11 =

Annotations:
D:3 Grinder
D:4 3 runed translucent doors, eelars's ghost, amateur MiFi


Innate Abilities, Weirdness & Mutations

You are too large for most types of armour.
You have claws for hands.
Your natural rate of healing is unusually fast.
You are covered in fur. (AC +1)
You have tough skin. (AC +1)


Message History

You feel extremely sick. The tarantella touches you!
The redback barely misses you. The wolf spider hits you!
The wolf spider bites you but does no damage.
The tarantella touches you. The tarantella barely misses you.
The redback bites you. The tarantella touches you.
The tarantella barely misses you.
The tarantella touches you but does no damage.
Okay, then.
You mangle the tarantella!!
The tarantella is severely wounded.
You feel very sick. The tarantella touches you!
You are more confused.
The redback bites you. The wolf spider hits you. The wolf spider bites you.
The tarantella touches you!
You are more confused.
The tarantella completely misses you.
You mangle the tarantella!!
You kill the tarantella!
Trog accepts your kill.
You feel very sick.
The redback bites you but does no damage.
The wolf spider hits you!
* * * LOW HITPOINT WARNING * * *
The wolf spider bites you.
* * * LOW HITPOINT WARNING * * *
You are lethally poisoned!
The wolf spider poisons you! The tarantella touches you.
* * * LOW HITPOINT WARNING * * *
You are more confused.
The tarantella touches you but does no damage.
* * * LOW HITPOINT WARNING * * *
You feel extremely sick. The redback bites you!
* * * LOW HITPOINT WARNING * * *
The tarantella barely misses you. The tarantella closely misses you.
The redback bites you but does no damage.
You climb upwards.
Welcome back to the Lair of Beasts!
You die...

#.#............##P...~♣
#..#......#...###....~~
#.....##########.....~§
#..#.######.#^##P.##..§
#.######.#^#.#.#P.###.§
#...###.#.#.#.###.#..P.
#...##.###.###^#.......
#...≈sss#^#^#.....<....
#...≈.@..#.#...........
#...≈s.s###.#..........
#...##.#.#.###^#.......
#...###.###.#.#####'#+P
##..## ##.#.#.#^###....#
#..P########.#####P....#
#..P##.### #####.......#
#..##....# #....P.P....#
##..###...###...........#


You could see 2 wolf spiders, 2 tarantellas and a redback.

Vanquished Creatures
  A minotaur (Gauntlet)
  A boulder beetle (Lair:2)
  A two-headed ogre (D:11)
  4 death yaks (D:11)
  A bog body (Lair:3)
  A wolf spider (Lair:3)
  An ugly thing (D:11)
  A cyclops (D:11)
  The ghost of Shym the Covert, a novice FeTm of Okawaru (D:7)
  2 black mambas (Lair:2)
  3 cane toads
  A gargoyle (D:11)
  A rime drake (Lair:2)
  5 komodo dragons
  Psyche (D:8)
  A kobold demonologist (D:7)
  A polar bear (Lair:1)
  4 trolls
  A tarantella (Spider:1)
  2 hornets
  11 blink frogs
  A raiju (Gauntlet)
  A ynoxinul (Gauntlet)
  2 culicivoras (Lair:3)
  6 shadows
  A wraith (D:10)
  2 wyverns
  10 yaks
  3 steam dragons
  3 basilisks (Lair:2)
  Edmund (D:5)
  A redback (Lair:3)
  An acid dragon (D:5)
  5 water moccasins
  2 sky beasts (D:7)
  5 orc warriors
  An ice beast (D:7)
  3 black bears (D:7)
  5 ogres
  2 centaurs
  3 wolves
  A phantom (D:5)
  2 kobold brigands
  10 bullfrogs
  2 scorpions (D:5)
  5 wights (D:7)
  4 howler monkeys
  3 hounds
  3 jellies
  Crazy Yiuf (D:6)
  6 orc priests
  4 gnoll boudas
  2 iron imps (Gauntlet)
  2 sleepcaps
  4 iguanas
  6 orc wizards
  Robin (D:2)
  7 gnolls (D:8)
  7 adders
  3 white imps
  2 ufetubi
  2 worms (D:4)
  4 dart slugs
  24 orcs
  3 bats
  5 endoplasms
  3 giant cockroaches
  14 goblins
  7 hobgoblins
  4 jackals (D:2)
  23 kobolds
  3 quokkas
  7 ball pythons
  3 frilled lizards (D:2)
  3 rats
283 creatures vanquished.

Vanquished Creatures (collateral kills)
  A hydra (Lair:3)
  2 blink frogs (Lair:1)
3 creatures vanquished.

Vanquished Creatures (others)
  4 demonic plants (Gauntlet)
  11 fungi
  33 plants
48 creatures vanquished.

Grand Total: 334 creatures vanquished

Notes
Turn   | Place    | Note
-------+----------+-------------------------------------------
     0 | D:1      | Lolow the Troll Berserker began the quest for the Orb.
     0 | D:1      | Reached XP level 1. HP: 22/22 MP: 0/0
   118 | D:1      | Reached XP level 2. HP: 29/29 MP: 1/1
   622 | D:2      | Reached XP level 3. HP: 35/36 MP: 2/2
   783 | D:2      | Reached ** piety under Trog
   825 | D:2      | Reached skill level 4 in Unarmed Combat
   917 | D:2      | Noticed Robin
   939 | D:2      | Reached skill level 1 in Throwing
   953 | D:2      | Killed Robin
   954 | D:2      | Reached XP level 4. HP: 45/45 MP: 3/3
  1366 | D:3      | Reached XP level 5. HP: 50/53 MP: 4/4
  1424 | D:3      | Found an opulent altar of Gozag.
  1427 | D:3      | Found an ancient bone altar of Kikubaaqudgha.
  1525 | D:3      | Found a faded altar of an unknown god.
  1612 | D:3      | Noticed Grinder
  1625 | D:3      | Paralysed by Grinder for 5 turns
  1888 | D:4      | Reached skill level 5 in Unarmed Combat
  1968 | D:4      | Found a runed translucent gate.
  1968 | D:4      | Found a runed translucent gate.
  1968 | D:4      | Found a runed translucent gate.
  1969 | D:4      | Found an opulent altar of Gozag.
  1970 | D:4      | Noticed eelars's ghost (amateur MiFi)
  1970 | D:4      | Noticed a steam dragon
  2229 | D:4      | Reached XP level 6. HP: 53/61 MP: 5/5
  2470 | D:5      | Entered Level 5 of the Dungeon
  2474 | D:5      | Noticed an acid dragon
  2479 | D:5      | Killed an acid dragon
  2679 | D:5      | Reached *** piety under Trog
  2683 | D:5      | Reached skill level 6 in Unarmed Combat
  2808 | D:5      | Reached XP level 7. HP: 67/70 MP: 6/6
  2877 | D:5      | Noticed Edmund
  2883 | D:5      | Killed Edmund
  2970 | D:5      | Reached skill level 7 in Unarmed Combat
  2980 | D:5      | Reached XP level 8. HP: 79/79 MP: 7/7
  3610 | D:6      | Reached skill level 8 in Unarmed Combat
  3660 | D:5      | Reached skill level 5 in Fighting
  3854 | D:6      | Found a runed translucent door.
  3855 | D:6      | Noticed Crazy Yiuf
  3860 | D:6      | Killed Crazy Yiuf
  4218 | D:6      | Reached skill level 5 in Throwing
  4245 | D:6      | Found an ornate altar of the Wu Jian Council.
  4422 | D:6      | Reached XP level 9. HP: 88/88 MP: 8/8
  4524 | D:7      | Reached skill level 9 in Unarmed Combat
  4990 | D:7      | Found a transporter.
  4996 | D:7      | Noticed a kobold demonologist
  4996 | D:7      | Noticed Shym's ghost (novice FeTm)
  5018 | D:7      | Reached skill level 10 in Unarmed Combat
  5047 | D:7      | Noticed a sun demon
  5051 | D:7      | Killed a kobold demonologist
  5061 | D:7      | Reached **** piety under Trog
  5065 | D:7      | Killed Shym's ghost
  5189 | D:7      | Found a transporter.
  5366 | D:7      | Reached XP level 10. HP: 85/100 MP: 9/9
  5453 | D:7      | Found a staircase to the Ecumenical Temple.
  5894 | Temple   | Entered the Ecumenical Temple
  6074 | D:8      | Found a burning altar of Makhleb.
  6234 | D:8      | Reached skill level 11 in Unarmed Combat
  6649 | D:8      | Noticed Psyche
  6659 | D:8      | Killed Psyche
  6813 | D:8      | Found an iron altar of Okawaru.
  7537 | D:9      | Found a hide-covered altar of Uskayaw.
  7538 | D:9      | Found a radiant altar of Vehumet.
  7538 | D:9      | Found a broken altar of Ashenzari.
  7544 | D:9      | Found a shimmering altar of Xom.
  7544 | D:9      | Found a shadowy altar of Dithmenos.
  7545 | D:9      | Found a sacrificial altar of Ru.
  7572 | D:9      | Found a snail-covered altar of Cheibriados.
  8226 | D:10     | Entered Level 10 of the Dungeon
  8326 | D:11     | Reached skill level 12 in Unarmed Combat
  8392 | D:11     | Noticed a brown ugly thing
  8397 | D:11     | Noticed a two-headed ogre
  8407 | D:11     | Killed a brown ugly thing
  8408 | D:11     | Noticed a cyclops
  8410 | D:11     | Killed a two-headed ogre
  8411 | D:11     | Reached XP level 11. HP: 109/109 MP: 7/10
  8635 | D:11     | Found Urroihungo's Jewellery Boutique.
  8858 | D:11     | Found a staircase to the Lair.
  8867 | Lair:1   | Entered Level 1 of the Lair of Beasts
  8876 | Lair:1   | Noticed a death yak
  8876 | Lair:1   | Noticed a death yak
  8879 | Lair:1   | Noticed a death yak
  8889 | Lair:1   | Noticed a death yak
  8896 | D:11     | Killed a death yak
  8922 | D:11     | Killed a death yak
  8923 | D:11     | Reached skill level 13 in Unarmed Combat
  8925 | D:11     | Killed a death yak
  8928 | D:11     | Killed a death yak
  9063 | Lair:1   | Found a gate leading to a gauntlet.
  9151 | Gauntlet | Entered a Gauntlet
  9151 | Gauntlet | Found a transporter.
  9158 | Gauntlet | Found a transporter.
  9160 | Gauntlet | Found a transporter.
  9171 | Gauntlet | Found a transporter.
  9174 | Gauntlet | Found a transporter.
  9182 | Gauntlet | Found a transporter.
  9182 | Gauntlet | Noticed a death drake
  9196 | Gauntlet | Found a runed translucent door.
  9198 | Gauntlet | Found a transporter.
  9200 | Gauntlet | Found a runed translucent door.
  9209 | Gauntlet | Found a transporter.
  9219 | Gauntlet | Noticed a wretched star
  9220 | Gauntlet | Found a transporter.
  9234 | Gauntlet | Found a transporter.
  9234 | Gauntlet | Found a transporter.
  9248 | Gauntlet | Found a transporter.
  9269 | Gauntlet | Found a transporter.
  9273 | Gauntlet | Found a transporter.
  9606 | Gauntlet | Identified a scroll of acquirement
  9607 | Gauntlet | Acquired the +0 shadow dragon scales "Xysuuhoch" {Rampage
                  | rElec Str+8 Int-5 Stlth++++}
  9692 | Gauntlet | Noticed a minotaur
  9707 | Gauntlet | Killed a minotaur
 10123 | Lair:1   | Reached skill level 14 in Unarmed Combat
 10541 | Lair:2   | Noticed a boulder beetle
 10564 | Lair:2   | Reached XP level 12. HP: 122/122 MP: 11/11
 10568 | Lair:2   | Killed a boulder beetle
 11529 | Lair:3   | Reached skill level 15 in Unarmed Combat
 11573 | Lair:3   | Identified the +5 sling "Bafafod" {freeze, rPois rN+}
 11688 | Lair:3   | Noticed a four-headed hydra
 11692 | Lair:3   | Killed a four-headed hydra
 11862 | Lair:3   | Found a hole to the Spider Nest.
 11895 | Lair:3   | Found a staircase to the Swamp.
 12494 | Spider:1 | Entered Level 1 of the Spider Nest
 12500 | Lair:3   | Reached skill level 10 in Throwing
 12548 | Lair:3   | Succumbed to a wolf spider's poison

Illustrated notes

Levels and vault maps discovered:
D:1:      minmay_arrival_nine_rooms, layout_basic
D:2:      layout_basic, uniq_robin
D:3:      layout_loops_ring, nicolae_overflow_squiral,
          shapermc_ecumenical_altar_acropolis, uniq_terence, uniq_grinder
D:4:      layout_cave_pools, ebering_ghost_gozag
D:5:      layout_basic, minmay_joined_circles, uniq_edmund
D:6:      layout_cave_pods, mainiacjoe_overflow_alcove_4,
          uniq_crazy_yiuf_cottage
D:7:      layout_basic, minmay_temple_entry_proselytizer, nzn_ghost_randoct
D:8:      layout_basic, okawaru_altar_gauntlet_db,
          mainiacjoe_overflow_small_starburst, uniq_psyche
D:9:      layout_loops_cross, mainiacjoe_overflow_24_doors,
          grunt_temple_overflow_open
D:10:     minmay_clustersquares, layout_irregular_city,
          nicolae_elyvilon_peaceful_grove, nicolae_hepliaklqana_hippocampus,
          serial_column_ruins, column_ruins_temple_hall,
          column_ruins_columns_corner, column_ruins_open_medium,
          column_ruins_open_tiny
D:11:     layout_grid_maze, david_lair_shrubbed, serial_shops, shop
Temple:   nicolae_temple_ecumenical_triangle
Lair:1:   layout_hall_layers, gauntlet_entry_generic, serial_bayou_shore_b
Lair:2:   layout_gridlike, grunt_megastairs_3
Lair:3:   layout_regular_city, skrybe_swamp_entry_bodies,
          nicolae_spider_entry_tight_spaces, serial_bayou_shore_b
Spider:1: layout_spider_delve, hangedman_spider_tarantella_strand

Skill      XL: |  1  2  3  4  5  6  7  8  9 10 11 12 |
---------------+-------------------------------------+-----
Unarmed Combat | 4 5 6 7 8 10 12 14 15 | 15.5
Throwing       | 1 2 3 5 6 7 9 10 | 10.0
Fighting       | 3 4 5 6 7 8 9 |  9.6
Dodging        | |  2.4

Action                     |  1- 3 |  4- 6 |  7- 9 | 10-12 || total
---------------------------+-------+-------+-------+-------++-------
  Melee: Unarmed           |   108 |   111 |   180 |   298 ||   697
         Punch             |     2 |     4 |     4 |    25 ||    35
  Throw: Stone             |    29 |       |    23 |    26 ||    78
         Boomerang         |       |    15 |     8 |    91 ||   114
         Javelin           |       |       |    24 |    61 ||    85
         Dart              |       |       |       |    41 ||    41
 Invoke: Berserk           |     1 |     3 |     3 |     6 ||    13
         Trog's Hand       |       |       |     2 |     2 ||     4
         Brothers in Arms  |       |       |       |     2 ||     2
    Use: Scroll            |       |     7 |     2 |    22 ||    31
         Potion            |       |       |       |     3 ||     3
   Stab: Sleeping          |       |       |       |     1 ||     1
 Armour: Animal skin       |    38 |    13 |       |       ||    51
         Robe              |       |    13 |       |       ||    13
         Acid dragon scale |       |     3 |    38 |    71 ||   112
         Shadow dragon sca |       |       |       |    51 ||    51
  Dodge: Dodged            |    46 |    29 |    36 |    97 ||   208
  Block: Other             |    12 |    15 |    45 |     3 ||    75
         Reflection        |     2 |       |     5 |       ||     7
